Map: Rhoskallian LE

Players

Iaotle

  • Race: Protoss Protoss

BraveHeart

  • Race: Terran Terran

Massa - Winner!

  • Race: Terran Terran
  • League: Platinum

qqq - Winner!

  • Race: Zerg Zerg

VOD

Have the link to the VOD?

Description

Time

  • Played on: April 15, 2021, 3:04 p.m.
  • Length: 7:49
Show
View Real Time Build Order
Export as new Build Order

Iaotle Protoss 

Build Orders: Blink Stalkers 

Get SALT Encoding   

  12  0:00  Probe  
  13  0:12  Probe  
  14  0:18  Pylon  
  14  0:24  Probe (Chrono Boost)  
  15  0:37  Probe (Chrono Boost)  
  15  0:40  Gateway  
  16  0:45  Probe (Chrono Boost)  
  16  0:48  Assimilator  
  17  0:51  Probe  
  18  1:03  Probe  
  19  1:15  Probe  
  20  1:27  Probe  
  20  1:29  Cybernetics Core  
  21  1:41  Probe  
  21  1:45  Nexus  
  22  1:57  Probe  
  22  2:01  Pylon  
  22  2:02  Assimilator  
  22  2:15  Warp Gate  
  22  2:17  Stalker (Chrono Boost)  
  24  2:29  Probe  
  25  2:34  Twilight Council  
  25  2:35  Stalker  
  27  2:54  Probe (Chrono Boost)  
  28  2:59  Stalker  
  28  3:04  Probe (Chrono Boost)  
  31  3:12  Probe (Chrono Boost)  
  31  3:18  Probe (Chrono Boost)  
  33  3:21  Robotics Facility  
  33  3:23  Probe (Chrono Boost)  
  35  3:27  Probe x2 (Chrono Boost)  
  35  3:29  Assimilator, Stalker  
  38  3:39  Probe  
  38  3:40  Probe  
  40  3:45  Blink  
  40  3:49  Pylon  
  40  3:51  Probe  
  37  4:08  Shield Battery  
  37  4:09  Probe x2  
  37  4:12  Shield Battery  
  37  4:17  Adept  
  37  4:21  Probe x2  
  41  4:32  Gateway  
  41  4:35  Gateway x2  
  41  4:46  Adept  
  34  5:09  Adept  
  30  5:29  Adept x2  
  30  5:30  Adept  
  30  5:34  Adept  
  36  5:41  Stargate  
  36  5:44  Stargate  
  36  5:50  Stargate  
  36  5:53  Pylon  
  36  5:57  Pylon  
  36  6:06  Pylon  
  36  6:09  Pylon  
  36  6:19  Void Ray  
  36  6:22  Void Ray  
  43  6:39  Adept x2  
  47  6:52  Void Ray  
  47  6:56  Void Ray  
  55  7:16  Nexus  
Show
View Real Time Build Order
Export as new Build Order

BraveHeart Terran 

Build Orders: Reaper Expand 

Get SALT Encoding   

  12  0:00  SCV  
  13  0:13  SCV  
  14  0:18  Supply Depot  
  14  0:25  SCV  
  15  0:39  SCV  
  15  0:42  Barracks  
  16  0:48  Refinery  
  16  0:51  SCV  
  17  1:04  SCV  
  18  1:17  SCV  
  18  1:35  Orbital Command  
  18  1:39  Reaper  
  19  1:48  Command Center  
  19  2:00  SCV  
  20  2:15  Supply Depot  
  20  2:19  SCV  
  20  2:20  Marine  
  22  2:25  Factory  
  22  2:28  Refinery  
  22  2:31  SCV  
  23  2:40  Barracks Reactor  
  23  2:44  SCV  
  24  2:56  SCV  
  21  3:11  Factory Tech Lab  
  20  3:27  Marine  
  21  3:38  Marine  
  21  3:39  Cyclone  
  21  3:40  SCV  
  21  3:41  Orbital Command  
  25  3:52  SCV  
  26  3:59  Bunker  
  26  4:00  Supply Depot  
  26  4:04  SCV  
  26  4:09  Supply Depot  
  27  4:11  Widow Mine, Marine x2  
  27  4:16  SCV  
  28  4:25  Orbital Command  
  28  4:31  Marine x2  
  24  4:40  SCV  
  23  4:52  Widow Mine, SCV  
  26  4:55  Marine x2  
  28  5:04  SCV  
  23  5:10  SCV  
  23  5:13  Marine, Siege Tank  
  25  5:16  SCV  
  26  5:22  SCV  
  26  5:24  Marine  
  24  5:28  SCV  
  24  5:31  Marine  
  24  5:34  SCV  
  27  5:41  SCV  
  27  5:42  Marine  
  29  5:46  SCV  
  29  5:49  Marine  
  30  5:50  Orbital Command  
  30  5:53  SCV  
  29  5:59  Marine  
  19  6:07  Marine  
  19  6:08  SCV, Orbital Command  
  21  6:17  Marine  
  22  6:20  SCV  
  22  6:25  Marine  
  24  6:26  Siege Tank  
  24  6:32  SCV  
  28  6:35  Marine  
  29  6:42  Marine  
  29  6:44  SCV  
  29  6:45  Factory  
  31  6:49  Armory  
  31  6:51  SCV  
  31  6:53  Marine  
  33  6:56  SCV  
  34  7:02  Supply Depot  
  34  7:03  SCV  
  35  7:15  SCV x2  
  35  7:16  Marine x2  
  39  7:27  SCV  
Show
View Real Time Build Order
Export as new Build Order

Massa Terran - Winner!

Build Orders:  

Get SALT Encoding   

  12  0:00  SCV  
  13  0:12  SCV  
  14  0:23  Supply Depot  
  14  0:24  SCV  
  15  0:45  SCV  
  15  0:46  Barracks  
  16  0:57  Barracks  
  16  1:00  SCV  
  16  1:02  Refinery  
  17  1:21  SCV  
  18  1:33  SCV  
  19  1:46  Reaper  
  19  1:47  Orbital Command  
  20  2:03  Reaper  
  21  2:16  Command Center  
  21  2:18  Supply Depot  
  21  2:20  SCV  
  23  2:22  Reaper  
  23  2:35  Supply Depot  
  23  2:55  Reaper  
  21  3:15  SCV  
  22  3:42  SCV  
  22  3:46  Barracks Tech Lab  
  23  3:51  Command Center  
  23  3:54  SCV  
  24  4:01  Barracks  
  24  4:02  Factory  
  24  4:07  SCV  
  25  4:12  Marine  
  25  4:14  Stimpack  
  25  4:16  Orbital Command  
  26  4:19  SCV  
  27  4:31  SCV  
  28  4:44  SCV x2  
  29  4:47  Marauder  
  30  4:53  Refinery  
  30  4:54  Barracks Reactor, Factory Tech Lab  
  30  4:55  Refinery, Marine  
  30  4:56  SCV x2  
  33  5:04  Refinery  
  34  5:07  SCV  
  34  5:08  SCV x2  
  34  5:13  Marine  
  37  5:16  Widow Mine  
  37  5:19  SCV  
  37  5:20  SCV x2  
  42  5:23  Marine  
  42  5:28  Starport  
  43  5:30  Marine  
  43  5:31  SCV, Marine x2  
  43  5:32  SCV x2  
  49  5:41  Marine  
  50  5:43  SCV, Supply Depot x3  
  50  5:44  SCV  
  50  5:45  SCV  
  50  5:46  Supply Depot  
  50  5:48  Marine x2  
  50  5:49  Marine  
  56  5:56  Siege Tank  
  59  5:59  Marauder  
  59  6:00  Combat Shield  
  61  6:14  Medivac x2  
  65  6:21  SCV  
  65  6:22  SCV  
  67  6:34  SCV x2, Engineering Bay  
  67  6:35  Armory, Engineering Bay  
  67  6:36  Barracks Tech Lab  
  67  6:37  Barracks Reactor  
  67  6:38  Marine  
  70  6:44  Medivac  
  72  6:56  Marine  
  73  7:10  SCV x2  
  73  7:13  Missile Turret  
  73  7:14  Marine  
  76  7:17  Missile Turret  
  76  7:22  SCV  
  77  7:35  Missile Turret  
  77  7:40  Missile Turret  
Show
View Real Time Build Order
Export as new Build Order

qqq Zerg - Winner!

Build Orders: Hatch First 

Get SALT Encoding   

  12  0:01  Drone  
  13  0:08  Drone  
  14  0:18  Overlord  
  14  0:49  Hatchery  
  13  0:56  Drone x2  
  15  1:04  Drone  
  16  1:22  Extractor, Spawning Pool  
  14  1:36  Drone x3  
  17  1:53  Drone  
  19  2:01  Drone  
  19  2:04  Drone  
  20  2:09  Drone  
  20  2:10  Queen  
  23  2:18  Queen  
  25  2:25  Metabolic Boost  
  25  2:28  Drone  
  26  2:32  Drone  
  26  2:35  Drone  
  28  2:46  Overlord  
  28  2:59  Overlord  
  28  3:04  Overlord  
  28  3:07  Drone, Zergling x2  
  28  3:08  Zergling x4  
  28  3:11  Zergling x2  
  33  3:16  Drone  
  33  3:18  Evolution Chamber  
  33  3:21  Zergling x2  
  33  3:22  Zergling x2  
  33  3:25  Zergling x2  
  36  3:28  Zergling x2  
  36  3:30  Zergling x2  
  36  3:33  Zergling x2  
  39  3:39  Zergling x4  
  41  3:43  Zergling x2  
  41  3:45  Zergling x2  
  41  3:48  Zergling x2  
  44  4:01  Zergling x4  
  46  4:05  Zergling x2  
  46  4:08  Zergling x4  
  46  4:09  Zergling x2, Overlord  
  50  4:13  Zerg Melee Weapons Level 1  
  48  4:30  Zergling x8  
  48  4:31  Zergling x2  
  52  4:38  Zergling x2  
  50  4:56  Zergling x6  
  50  4:57  Zergling x8  
  53  5:14  Zergling x2  
  53  5:15  Zergling x4  
  53  5:33  Zergling x4  
  53  5:34  Zergling x2  
  55  5:38  Zergling x2  
  55  5:41  Zergling x2  
  54  6:01  Hatchery  
  48  6:05  Drone x2, Zergling x4  
  52  6:19  Drone x3  
  52  6:20  Drone x2  
  57  6:26  Drone x2  
  57  6:27  Overlord  
  57  6:32  Spore Crawler  
  58  6:33  Spore Crawler  
  58  6:34  Drone  
  58  6:41  Extractor  
  58  6:42  Lair  
  58  6:45  Drone x2, Zergling x4  
  58  6:46  Zergling x6, Overlord  
  64  6:55  Drone x2  
  66  7:06  Overlord x2  
  66  7:10  Extractor  
  66  7:11  Extractor  
  60  7:36  Drone x2  
Tags
 
Add a new tag
Caveats
  • Supply blocks, unpowered buildings, or Contaminate may cause inaccurate times.
  • Supply counts are checked every 10 seconds.